 Dungeon Sprint DCSS version 0.19-a0-957-gf4ea323 (webtiles) character file.

2000000 yesno the Conqueror (level 19, -13/226 HPs)
             Began as a Deep Dwarf Wanderer on July 11, 2016.
             Was a High Priest of Makhleb.
             Mangled by a destroyer
             ... wielding a +9 great sword of slicing
              (187 damage)
             ... in the Dungeon (Sprint VIII: "Arena of Blood").
             The game lasted 00:01:47 (20 turns).

yesno the Conqueror (Deep Dwarf Wanderer)             Turns: 20, Time: 00:01:47

Health: -13/226    AC:  4    Str: 20    XL:     19   Next: 22%
Magic:  4/33       EV: 33    Int: 12    God:    Makhleb [*****.]
Gold:   0          SH:  0    Dex: 17    Spells: 0 memorised, 38 levels left

rFire  . . .     SeeInvis .     l - +∞ Axe of Woe
rCold  . . .     Gourm    .     d - +0 robe
rNeg   + . .     Faith    .     (shield currently unavailable)
rPois  .         Spirit   .     (no helmet)
rElec  .         Dismiss  .     (no cloak)
rCorr  .         Reflect  .     (no gloves)
SustAt .         Harm     .     (no boots)
MR     ++...     NoTele   +     (no amulet)
Stlth  +++++++++.               (no ring)
                                (no ring)

@: non-regenerating, very resistant to hostile enchantments, incredibly stealthy
A: damage resistance, recharge devices, negative energy resistance 1, sense
surroundings 3, slow regeneration 3
a: Device Recharging, Minor Destruction, Lesser Servant of Makhleb, Major
Destruction, Greater Servant of Makhleb, Renounce Religion


You were in the Dungeon.
You worshipped Makhleb.
Makhleb was extremely pleased with you.
You were not hungry.

You visited 1 branch

Inventory:

Hand Weapons
 a - a +2 quarterstaff
 l - the +∞ Axe of Woe (weapon)
   (You found it in the Dungeon)
Armour
 d - a +0 robe (worn)
Wands
 c - a wand of random effects (15/48)
 e - a wand of heal wounds (5/9)
Scrolls
 k - a scroll of blinking
Potions
 b - 2 potions of curing
 g - a potion of heal wounds
 h - a potion of haste
 i - 2 potions of magic
 j - a potion of berserk rage
Comestibles
 f - a bread ration


   Skills:
 O Level 27 Fighting
 O Level 27 Axes
 - Level 6.2 Staves
 + Level 11.0 Throwing
 O Level 27 Armour
 O Level 27 Dodging
 O Level 27 Stealth
 + Level 11.0 Unarmed Combat
 + Level 10.2 Spellcasting
 + Level 14.9 Invocations
 - Level 14.5 Evocations


You had 38 spell levels left.
You didn't know any spells.

Dungeon Overview and Level Annotations

Branches:
Dungeon (1/1)

Altars:
Makhleb


Innate Abilities, Weirdness & Mutations

You are resistant to damage.
You can recharge devices by infusing magical energy.
You resist negative energy. (rN+)
You passively map a large area around you.
You do not regenerate naturally.


Message History

Your Spellcasting skill gained 2 levels and is now at level 10!
Your Invocations skill gained 2 levels and is now at level 14!
The meat berserker rages.
The destroyer blinks!
You hear a shout!
The meat berserker rages. x2
The bag of meat moves out of view.
The destroyer blinks! 3 orcs come into view. 3 orcs and an ogre come into view.
The meat berserker shouts!
The meat berserker misses you.
You hear a shout!
The meat berserker hits you with a +9 battleaxe!!!
You hear a shout! x3
The meat berserker rages.
The bag of meat moves out of view. x2
You hear a shout!
The destroyer hits you with a +9 great sword of slicing!!!!!
Ouch! That really hurt!
You die...

, , ,, , , , , ,
...#.o..,, *
.o.#o..o...... , , o,
###o..#o...........,
oO###.....o#............
,
.#o....ooO.C............
....O#.Co§o.............
*
.oV..O#oOoo....#.......#
*
....ooV@)#)))..#.......#
,
.....O#OVoo.)###.......#
,.#....o.o)).).)...###...
, ##....o..#o.))...._....
,
,,#.o§.o#..§....#.....#.
, ,
.o###o......o..#_.<._#, ,
, o ....#O......#.....#
.......#........_o... * ,
...............###...


You could see 3 destroyers, 2 large bags of meat, 8 meat berserkers and 29 bags
of meat.

Vanquished Creatures
  6 ogres (D)
  9 orcs (D)
15 creatures vanquished.

Notes
Turn   | Place    | Note
-------+----------+-------------------------------------------
     0 | D        | yesno the Deep Dwarf Wanderer began the quest for the Orb.
     0 | D        | yesno set off with: a +2 quarterstaff, 2 potions of curing, a wand of random effects (15/48), a +0 robe, a wand of heal wounds (5/9), a bread ration, a potion of heal wounds, a potion of haste, 2 potions of magic, a potion of berserk rage, a scroll of blinking
     0 | D        | Reached XP level 1. HP: 24/24 MP: 2/2
     3 | D        | Noticed a bag of meat
     4 | D        | Became a worshipper of Makhleb the Destroyer
     6 | D        | Noticed a bag of meat
     6 | D        | Noticed a bag of meat
     6 | D        | Noticed a bag of meat
     7 | D        | Noticed a bag of meat
     7 | D        | Noticed a bag of meat
     9 | D        | Noticed a bag of meat
    10 | D        | Noticed a bag of meat
    10 | D        | Killed a bag of meat
    10 | D        | Reached XP level 2. HP: 69/69 MP: 2/6
    10 | D        | Reached XP level 3. HP: 78/78 MP: 2/8
    10 | D        | Reached XP level 4. HP: 86/86 MP: 2/9
    10 | D        | Reached XP level 5. HP: 94/94 MP: 2/10
    10 | D        | Reached XP level 6. HP: 104/104 MP: 2/11
    10 | D        | Reached XP level 7. HP: 111/111 MP: 2/12
    10 | D        | Reached XP level 8. HP: 121/121 MP: 2/13
    10 | D        | Gained mutation: You passively map the area around you. [Deep Dwarf growth]
    10 | D        | Reached XP level 9. HP: 129/129 MP: 2/14
    10 | D        | Reached XP level 10. HP: 138/138 MP: 2/15
    10 | D        | Reached XP level 11. HP: 146/146 MP: 2/16
    10 | D        | Killed a bag of meat
    10 | D        | Reached * piety under Makhleb
    10 | D        | Reached XP level 12. HP: 163/163 MP: 2/18
    10 | D        | Killed a bag of meat
    10 | D        | Reached skill level 27 in Fighting
    10 | D        | Reached skill level 10 in Axes
    10 | D        | Reached XP level 13. HP: 174/174 MP: 2/23
    11 | D        | Noticed a meat berserker
    11 | D        | Noticed a meat berserker
    11 | D        | Noticed a meat berserker
    11 | D        | Killed a bag of meat
    11 | D        | Reached ** piety under Makhleb
    11 | D        | Reached skill level 10 in Armour
    11 | D        | Gained mutation: You resist negative energy. (rN+) [Deep Dwarf growth]
    11 | D        | Reached XP level 14. HP: 183/183 MP: 2/24
    12 | D        | Noticed a large bag of meat
    12 | D        | Noticed a bag of meat
    13 | D        | Noticed a bag of meat
    13 | D        | Noticed a bag of meat
    13 | D        | Noticed a bag of meat
    13 | D        | Noticed a bag of meat
    13 | D        | Noticed a destroyer
    14 | D        | Noticed a bag of meat
    14 | D        | Noticed a meat berserker
    14 | D        | Noticed a meat berserker
    14 | D        | Noticed a meat berserker
    14 | D        | Killed a meat berserker
    14 | D        | Reached XP level 15. HP: 141/190 MP: 3/25
    14 | D        | Killed a meat berserker
    14 | D        | Reached *** piety under Makhleb
    14 | D        | Reached skill level 27 in Axes
    14 | D        | Reached XP level 16. HP: 148/200 MP: 3/26
    15 | D        | Noticed a meat berserker
    15 | D        | Noticed a destroyer
    16 | D        | Noticed a meat berserker
    17 | D        | Noticed a large bag of meat
    17 | D        | Noticed a meat berserker
    17 | D        | Noticed a meat berserker
    17 | D        | Noticed a meat berserker
    17 | D        | Killed a meat berserker
    17 | D        | Reached **** piety under Makhleb
    17 | D        | Reached XP level 17. HP: 208/208 MP: 3/27
    17 | D        | Reached ***** piety under Makhleb
    17 | D        | Reached skill level 27 in Armour
    17 | D        | Reached skill level 27 in Dodging
    17 | D        | Killed a meat berserker
    17 | D        | Gained mutation: You passively map a large area around you. [Deep Dwarf growth]
    17 | D        | Reached XP level 18. HP: 218/218 MP: 3/30
    18 | D        | Noticed a meat berserker
    19 | D        | Noticed a destroyer
    19 | D        | Noticed a meat berserker
    19 | D        | Killed a meat berserker
    19 | D        | Killed a meat berserker
    19 | D        | Reached skill level 27 in Stealth
    19 | D        | Reached XP level 19. HP: 226/226 MP: 4/31
    19 | D        | Reached skill level 10 in Spellcasting
    20 | D        | Noticed a meat berserker
    20 | D        | Mangled by a destroyer

Vault maps used:
D:        meatsprint

Skill      XL: |  1  2  3  4  5  6  7  8  9 10 11 12 13 14 15 16 17 18 19 |
---------------+----------------------------------------------------------+-----
Fighting       | 23 26 27 | 27.0
Axes           | 2 4 10 16 23 27 | 27.0
Staves         | 2 3 6 |  6.2
Armour         | 3 7 10 13 18 24 27 | 27.0
Evocations     | 7 8 14 | 14.5
Dodging        | 6 11 17 23 27 | 27.0
Throwing       | 8 11 | 11.0
Stealth        | 12 27 | 27.0
Unarmed Combat | 8 11 | 11.0
Spellcasting   | 8 10 | 10.2
Invocations    | 12 14 | 14.9

Action                   |  1- 3 |  4- 6 |  7- 9 | 10-12 | 13-15 | 16-18 | 19-21 || total
-------------------------+-------+-------+-------+-------+-------+-------+-------++-------
Melee: Executioner's axe |     1 |       |       |       |     2 |     2 |       ||     5
Dodge: Dodged            |       |       |       |       |       |       |     1 ||     1
